Map: Hardwire LE

Players

Warthog - Winner!

  • Race: Terran Terran
  • League: Diamond
  • Spawn Location: 7:00

Geo

  • Race: Zerg Zerg
  • League: Diamond
  • Spawn Location: 1:00

VOD

Have the link to the VOD?

Description

Time

  • Played on: Nov. 23, 2021, 8:20 p.m.
  • Length: 4:13
Show
View Real Time Build Order
Export as new Build Order

Warthog Terran - Winner!

Build Orders: Reaper Expand 

Get SALT Encoding   

  12  0:01  SCV  
  13  0:13  SCV  
  14  0:17  Supply Depot  
  14  0:25  SCV  
  15  0:39  SCV  
  15  0:40  Barracks  
  16  0:44  Refinery  
  16  0:51  SCV  
  17  1:03  SCV  
  18  1:15  SCV  
  19  1:28  Orbital Command  
  19  1:29  Reaper  
  20  1:39  Command Center  
  20  1:48  Supply Depot  
  20  1:55  SCV  
  20  2:01  Marine  
  22  2:07  SCV  
  23  2:12  Factory  
  23  2:14  Refinery  
  23  2:19  SCV  
  23  2:20  Barracks Reactor  
  24  2:31  SCV  
  25  2:43  SCV  
  26  2:52  Orbital Command  
  26  2:55  SCV  
  26  2:57  Starport  
  27  3:02  Barracks Tech Lab  
  27  3:03  Hellion x2  
  31  3:07  SCV  
  32  3:19  SCV  
  33  3:26  SCV  
  36  3:27  Hellion x2  
  41  3:36  Supply Depot  
  41  3:39  SCV x2  
  41  3:40  Supply Depot  
  43  3:42  Marine  
  44  3:51  SCV x2  
Show
View Real Time Build Order
Export as new Build Order

Geo Zerg 

Build Orders: Hatch First 

Get SALT Encoding   

  12  0:00  Drone  
  13  0:10  Drone  
  14  0:16  Overlord  
  14  0:24  Extractor  
  14  0:25  Drone  
  15  0:35  Drone x2  
  17  0:52  Hatchery  
  17  0:54  Drone  
  17  1:08  Spawning Pool  
  17  1:10  Drone  
  17  1:17  Drone  
  17  1:18  Drone  
  19  1:25  Extractor  
  18  1:26  Drone  
  19  1:38  Drone  
  21  1:48  Drone  
  22  1:59  Hatchery  
  21  2:03  Queen  
  21  2:07  Extractor  
  21  2:08  Queen  
  22  2:09  Zergling x2  
  22  2:12  Drone  
  22  2:14  Drone  
  27  2:18  Drone  
  27  2:42  Overlord  
  27  2:43  Drone  
  28  2:57  Overlord  
  28  3:00  Queen  
  28  3:01  Drone x3  
  28  3:02  Drone x2  
  35  3:10  Drone  
  36  3:13  Drone  
  37  3:23  Drone  
  38  3:29  Drone x4  
  38  3:30  Drone  
  38  3:32  Drone  
  38  3:34  Queen, Drone  
  45  3:41  Overlord  
  47  3:48  Drone  
  47  3:49  Drone  
  47  3:51  Drone  
  47  3:52  Overlord  
  49  3:56  Zergling x2  
Tags
 
Add a new tag
Caveats
  • Supply blocks, unpowered buildings, or Contaminate may cause inaccurate times.
  • Supply counts are checked every 10 seconds.